 Dungeon Sprint DCSS version 0.17-a0-1636-g3119f2b (webtiles) character file.

485 Kidiri the Covert (level 6, 0/28 HPs)
             Began as a Spriggan Enchanter on Aug 5, 2015.
             Slain by a boulder beetle (28 damage)
             ... in the Dungeon (Sprint II: "The Violet Keep of Menkaure").
             The game lasted 00:01:21 (152 turns).

Kidiri the Covert (Spriggan Enchanter)               Turns: 152, Time: 00:01:22

Health: 0/28       AC:  3    Str:  4    XL:     6   Next: 88%
Magic:  18/18      EV: 26    Int: 17    God:
Gold:   729        SH:  0    Dex: 18    Spells: 5 memorised, 10 levels left

rFire  . . .     SeeInvis +     a - +1 dagger
rCold  . . .     Clarity  .     b - +1 robe
rNeg   . . .     SustAt   .     (shield restricted)
rPois  .         Gourm    .     (helmet restricted)
rElec  .         Spirit   .     (no cloak)
rCorr  .         Warding  .     (gloves unavailable)
rMut   .         NoTele   +     (boots unavailable)
MR     +....                    (no amulet)
Stlth  ++++++....               (no ring)
                                (no ring)

@: very quick, somewhat resistant to hostile enchantments, very stealthy
A: unfitting armour, see invisible, herbivore 3, speed 3, slow metabolism 2
a: no special abilities


You were in the Dungeon.
You were not hungry.

You visited 1 branch You collected 729 gold pieces.

Inventory:

Hand weapons
 a - a +1 dagger (weapon)
Armour
 b - a +1 robe (worn)
Scrolls
 j - a scroll of blinking
Potions
 e - a potion of curing
 f - a potion of heal wounds
 g - a potion of haste
 h - 2 potions of magic
 i - a potion of berserk rage
Books
 c - a book of Maledictions

   Spells                             Type                      Level
   a - Corona                         Hexes                        1
   b - Ensorcelled Hibernation        Hexes/Ice                    2
   c - Confuse                        Hexes                        3
   d - Tukima's Dance                 Hexes                        3
   e - Dazzling Spray                 Conjuration/Hexes            3
Comestibles
 d - a bread ration


   Skills:
 + Level 5.1 Short Blades
 * Level 10.0 Dodging
 * Level 11.2 Stealth
 * Level 8.7 Spellcasting
 + Level 2.6 Conjurations
 + Level 6.8 Hexes
 + Level 3.5 Ice Magic


You had 10 spell levels left.
You knew the following spells:

 Your Spells              Type           Power        Failure   Level  Hunger
a - Corona                Hex            ####...      1%          1    None
b - Ensorcelled Hibernat  Hex/Ice        ###...       1%          2    None
c - Confuse               Hex            ####....     1%          3    #......
d - Tukima's Dance        Hex            ####....     1%          3    #......
e - Dazzling Spray        Conj/Hex       ###.....     6%          3    #......


Dungeon Overview and Level Annotations

Branches:
Dungeon (1/1)

Altars:


Innate Abilities, Weirdness & Mutations

You are tiny and cannot use many weapons and most armour.
You have supernaturally acute eyesight.
You are a herbivore.
You cover ground extremely quickly.
You need consume almost no food.


Message History

There is a staircase leading out of the dungeon here.
You close the door.
Number of times to repeat, then command key: You must enter the number of times for the command to repeat.
Unknown command.
There is a staircase leading out of the dungeon here.
You open the door.
Casting: Ensorcelled Hibernation
Confirm with . or Enter, or press ? or * to list all spells.
Aiming: Ensorcelled Hibernation
Press: ? - help, Shift-Dir - straight line, f - boulder beetle
Aim: a boulder beetle (resting, chance to defeat MR: 36%)
Okay, then.
There is an open door here.
The helpless boulder beetle fails to defend itself.
You spit the boulder beetle like a pig!!!
The boulder beetle is almost dead.
The boulder beetle bites you!!
Ouch! That really hurt!
You die...

##+## ##.#B##
#.B#..#
####@#$####
##.###'###%##
#...##.##.#.#
+.##+.<.+##.+..#
###.##.###%.#....#
#.###+###%##......
####.#.#### .....
#.###%# §≈≈..
##.#.## §≈≈X


You could see a boulder beetle.

Vanquished Creatures
  2 hippogriffs (D)
  3 brain worms (D)
  3 worms (D)
8 creatures vanquished.

Vanquished Creatures (others)
  Menkaure (D)
  A brain worm (D)
2 creatures vanquished.

Grand Total: 10 creatures vanquished

Notes
Turn   | Place    | Note
--------------------------------------------------------------
     0 | D        | Kidiri the Spriggan Enchanter began the quest for the Orb.
     0 | D        | Reached XP level 1. HP: 9/9 MP: 5/5
     1 | D        | Noticed a hippogriff
     1 | D        | Noticed a hippogriff
     5 | D        | Noticed a brain worm
     8 | D        | Noticed a boulder beetle
     8 | D        | Noticed a boulder beetle
    19 | D        | Reached skill level 5 in Stealth
    20 | D        | Reached XP level 2. HP: 13/13 MP: 5/7
    24 | D        | Learned a level 2 spell: Ensorcelled Hibernation
    40 | D        | Killed a brain worm
    40 | D        | Reached skill level 6 in Dodging
    40 | D        | Reached skill level 7 in Stealth
    40 | D        | Reached skill level 5 in Spellcasting
    40 | D        | Reached skill level 1 in Ice Magic
    40 | D        | Reached XP level 3. HP: 16/16 MP: 4/10
    40 | D        | Reached XP level 4. HP: 21/21 MP: 4/12
    45 | D        | Learned a level 3 spell: Confuse
    49 | D        | Learned a level 3 spell: Tukima's Dance
    53 | D        | Learned a level 3 spell: Dazzling Spray
    53 | D        | Killed a brain worm
    55 | D        | Noticed a brain worm
    55 | D        | Noticed a brain worm
    55 | D        | Noticed a kraken
    58 | D        | Killed a brain worm
    58 | D        | Reached skill level 8 in Stealth
    58 | D        | Reached skill level 1 in Conjurations
    58 | D        | Reached skill level 5 in Hexes
    58 | D        | Reached XP level 5. HP: 24/24 MP: 6/14
    60 | D        | Killed a brain worm
    60 | D        | Reached skill level 9 in Stealth
    97 | D        | Killed Menkaure
   127 | D        | Killed a hippogriff
   127 | D        | Reached skill level 10 in Stealth
   127 | D        | Reached XP level 6. HP: 28/28 MP: 16/18
   130 | D        | Killed a hippogriff
   130 | D        | Reached skill level 5 in Short Blades
   130 | D        | Reached skill level 10 in Dodging
   130 | D        | Reached skill level 11 in Stealth
   152 | D        | Slain by a boulder beetle

Vault maps used:
D:        the_violet_keep_of_menkaure

Action                   |  1- 3 |  4- 6 || total
-------------------------+-------+-------++-------
Melee: Dagger            |     5 |     5 ||    10
 Cast: Ensorcelled Hiber |     1 |       ||     1
 Stab: Sleeping          |     4 |     5 ||     9
